 Dungeon Crawl Stone Soup version 0.31-a0-986-g5e6e4ef867 (webtiles) character file.

Game seed: 6110683390971517701

2844 LeprechaunX the Mimic (level 9, -6/56 HPs)
             Began as an Octopode Shapeshifter on Nov 8, 2023.
             Was a Follower of Hepliaklqana.
             Mangled by a gnoll sergeant
             ... wielding a +0 spear
              (9 damage)
             ... on level 6 of the Dungeon.
             The game lasted 00:10:25 (7170 turns).

LeprechaunX the Mimic (Octopode Shapeshifter)       Turns: 7170, Time: 00:10:25

Health: -6/56      AC:  5    Str: 15    XL:     9   Next: 74%
Magic:  18/18      EV: 13    Int: 13    God:    Hepliaklqana [*.....]
Gold:   342        SH:  5    Dex: 13    Spells: 8/8 levels left

rFire   . .          .
                       - Unarmed
rCold   + . .        (shield currently unavailable)
rNeg    . . .        (helmet restricted)
rPois   .            j - amulet of reflection
rElec   .            o - ring of protection from cold
rCorr   .            q - ring of magical power
SInv    .            v - +4 ring of protection
Will    .....        (no ring)
Stlth   +            (no ring)
HPRegen 0.29/turn    (no ring)
MPRegen 0.16/turn    (no ring)
                     (no ring)

%: reflection
@: flux-form, glowing
A: glow, contaminating, reduced essence, almost no armour, amphibious, 8 rings,
camouflage 1, gelatinous body 1, (nimble swimmer 1), tentacles
a: Begin Untransformation, Renounce Religion, Recall Ancestor, Ancestor Identity


You were on level 6 of the Dungeon.
You worshipped Hepliaklqana.
Hepliaklqana was aware of your devotion.
You were something dangerously unstable.
You visited 2 branches of the dungeon, and saw 7 of its levels.

You collected 342 gold pieces.

Inventory:

Hand Weapons
 a - a +1 arbalest of freezing
 i - a +0 sling
Missiles
 s - 8 boomerangs
Jewellery
 j - an amulet of reflection (around mantle)
 o - a ring of protection from cold (left tentacle)
 q - a ring of magical power (right tentacle)
 v - a +4 ring of protection (on tentacle)
Talismans
 b - a beast talisman
 c - a flux talisman (active)
 g - a blade talisman
 w - a maw talisman
 y - a serpent talisman
Wands
 n - a wand of flame (11)
 x - a wand of light (12)
 z - a wand of roots (4)
 A - a wand of charming (6)
 H - a wand of mindburst (6) (quivered)
Scrolls
 e - 5 scrolls of identify {unknown}
 h - 2 scrolls of teleportation {unknown}
 k - 3 scrolls of vulnerability {unknown}
 l - a scroll of enchant weapon {unknown}
 m - a scroll of butterflies {unknown}
 r - a scroll of silence {unknown}
 t - 2 scrolls of blinking {unknown}
 C - a scroll of amnesia {unknown}
 D - a scroll of enchant armour {unknown}
 E - a scroll of noise {unknown}
 F - a scroll of fear {unknown}
 L - a scroll of brand weapon {unknown}
Potions
 d - a potion of mutation {unknown}
 f - 4 potions of curing
 p - 2 potions of resistance {unknown}
 u - 2 potions of berserk rage {unknown}
 B - a potion of might {unknown}
 G - a potion of attraction {unknown}
 I - a potion of brilliance {unknown}
 J - a potion of heal wounds {unknown}
 K - a potion of cancellation {unknown}
 M - 2 potions of enlightenment {unknown}


   Skills:
 + Level 6.3 Fighting
 - Level 2.0 Dodging
 - Level 6.0 Unarmed Combat
 + Level 5.2 Evocations
 * Level 8.8 Shapeshifting


You had 8 spell levels left.
You didn't know any spells.
Your spell library contained the following spells:

 Spells                   Type           Power      Damage    Failure   Level
 Apportation              Tloc           0%         N/A       30%         1
 Necrotise                Necr           0%         1d4       30%         1
 Summon Small Mammal      Summ           0%         N/A       30%         1
 Hailstorm                Conj/Ice       0%         3d3       67%         3
 Summon Ice Beast         Ice/Summ       0%         N/A       97%         4
 Simulacrum               Ice/Necr       0%         N/A       100%        6


Dungeon Overview and Level Annotations

Branches:
Dungeon (6/15)             Temple (1/1) D:5

Altars:
Cheibriados
Dithmenos
Hepliaklqana
Okawaru
Qazlal
Ru
Sif Muna
Uskayaw
Vehumet
Wu Jian
Xom
Yredelemnul

Annotations:
D:3 3 runed translucent doors, schwank's ghost, amateur GrFi


Innate Abilities, Weirdness & Mutations

You are something dangerously unstable.
You glow with magical radiation, making you easy to see and hit.
Foes you strike become dangerously contaminated with magical radiation.
You are incapable of wielding weapons or throwing items.
Your life essence is reduced to manifest your ancestor. (-10% HP)
You cannot wear most types of armour.
You are amphibious.
You can wear up to eight rings at the same time.
Your skin changes colour to match your surroundings (Stealth+).
Your rubbery body absorbs attacks. (AC +1, EV +1)
((You are camouflaged when in or above water. (Stealth+)))
You have tentacles for arms and can constrict up to eight enemies at once.


Message History

Thoko hits the gnoll sergeant.
The gnoll sergeant attacks as it pursues you!
The gnoll sergeant hits you from afar with a +0 spear.
The gnoll sergeant blocks Thoko's attack.
You see here a +0 club.
The gnoll sergeant completely misses you.
Thoko barely misses the gnoll sergeant.
The gnoll sergeant blocks your attack.
Your grab misses the gnoll sergeant.
The gnoll sergeant is lightly wounded.
The gnoll sergeant hits you with a +0 spear!
* * * LOW HITPOINT WARNING * * *
Thoko hits the gnoll sergeant but does no damage.
Unknown command.
You tentacle-slap the gnoll sergeant.
The gnoll sergeant begins to glow.
You grab the gnoll sergeant. The gnoll sergeant blocks your attack.
The gnoll sergeant is moderately wounded.
You constrict the gnoll sergeant. You block the gnoll sergeant's attack.
The gnoll sergeant blocks Thoko's attack.
Unknown command.
The gnoll sergeant blocks your attack.
The gnoll sergeant is moderately wounded.
You constrict the gnoll sergeant.
The gnoll sergeant hits you with a +0 spear!
* * * LOW HITPOINT WARNING * * *
Unknown command.
It was a potion of curing.
You feel better.
You constrict the gnoll sergeant.
Thoko hits the gnoll sergeant but does no damage.
The gnoll sergeant hits you with a +0 spear.
* * * LOW HITPOINT WARNING * * *
You can't do that in your present form.
You can't do that in your present form.
Okay, then.
Aiming: Mindburst
Press: ? - help, Q - select action, (/) - cycle Shift-Dir - straight line, f - gnoll sergeant
Aim: a gnoll sergeant, wielding a +0 spear, wearing a +0 scale mail and wearing a +0 kite shield (heavily wounded, constricted by you, contaminated, ally target, chance to affect: 82%)
The gnoll sergeant barely resists.
You constrict the gnoll sergeant.
The gnoll sergeant blocks Thoko's attack.
The gnoll sergeant hits you with a +0 spear!
You die...

##.......## ##.#.#
##.....## ###.#
##...## #.# ##'#
##.## #.# #...# #.#
########...#
##)###.....##...#
###...##.###.###.##
#...gp)..[.....#.#
#.#R..)#.###[#.#.#
#+####.#.#.......#
#.#.#)#.#.###
#.))..#)#[#
#.#.###.#.#
#.#.<...#.#
###.#######.#
#.#.........#


You could see the friendly Thoko the ancestor and a gnoll sergeant (contam, ally
target).

Vanquished Creatures
  Sigmund (D:2)
  3 yaks (D:6)
  Duvessa (D:6)
  An orc warrior (D:5)
  Blork the orc (D:5)
  3 phantoms
  A bullfrog (D:6)
  A kobold brigand (D:4)
  3 scorpions (D:5)
  Dowan (D:6)
  4 wights (D:6)
  2 howler monkeys
  5 hounds
  4 jellies
  2 orc priests (D:6)
  Terence (D:2)
  Ijyb (D:3)
  2 sleepcaps
  4 iguanas
  2 orc wizards (D:6)
  Natasha (twice) (D:3)
  11 adders
  6 gnolls
  3 shadow imps (D:6)
  4 white imps (D:5)
  2 ufetubi (D:6)
  A worm (D:5)
  3 dart slugs
  17 orcs
  5 endoplasms
  2 giant cockroaches
  14 goblins
  3 hobgoblins
  7 jackals
  7 quokkas
  7 ball pythons
  3 bats
  5 frilled lizards
  2 kobolds
  8 rats
155 creatures vanquished.

Vanquished Creatures (collateral kills)
  A sky beast (D:6)
  An orc priest (D:6)
  An orc wizard (D:6)
  An orc (D:6)
4 creatures vanquished.

Vanquished Creatures (others)
  An ancestor (D:6)
1 creature vanquished.

Grand Total: 160 creatures vanquished

Notes
Turn   | Place    | Note
-------+----------+-------------------------------------------
     0 | D:1      | LeprechaunX the Octopode Shapeshifter began the quest for
                  | the Orb.
     0 | D:1      | Reached XP level 1. HP: 13/13 MP: 1/1
   116 | D:1      | Reached XP level 2. HP: 14/18 MP: 2/2
   158 | D:1      | Found a faded altar of an unknown god.
   298 | D:1      | Reached XP level 3. HP: 8/23 MP: 3/3
   894 | D:2      | Reached XP level 4. HP: 13/29 MP: 4/4
  1033 | D:2      | Reached skill level 4 in Shapeshifting
  1208 | D:2      | Noticed Sigmund
  1224 | D:2      | Killed Sigmund
  1225 | D:2      | Reached XP level 5. HP: 10/36 MP: 5/5
  1225 | D:2      | Reached XP level 6. HP: 12/42 MP: 6/6
  1545 | D:2      | Reached skill level 5 in Shapeshifting
  1718 | D:2      | Noticed Terence
  1730 | D:2      | Killed Terence
  1939 | D:3      | Found a runed translucent gate.
  1940 | D:3      | Found a runed translucent gate.
  1941 | D:3      | Found a runed translucent gate.
  1942 | D:3      | Noticed schwank's ghost (amateur GrFi)
  1943 | D:3      | Noticed Natasha
  1946 | D:3      | Killed Natasha
  2169 | D:3      | Noticed Ijyb
  2178 | D:3      | Killed Ijyb
  2249 | D:3      | Found a shimmering altar of Xom.
  2579 | D:3      | Noticed Natasha
  2585 | D:3      | Killed Natasha
  3052 | D:4      | Reached XP level 7. HP: 41/46 MP: 7/7
  3207 | D:4      | Found a stormy altar of Qazlal.
  3352 | D:4      | Reached skill level 6 in Shapeshifting
  3359 | D:4      | Reached skill level 5 in Unarmed Combat
  3359 | D:4      | Reached skill level 1 in Evocations
  3406 | D:4      | Identified the +3 hand axe of Invincibility {freeze, rC-
                  | Dex+5 Stlth+}
  3756 | D:4      | Found a snail-covered altar of Cheibriados.
  3897 | D:5      | Entered Level 5 of the Dungeon
  4147 | D:5      | Reached XP level 8. HP: 53/54 MP: 8/8
  4833 | D:5      | Found a staircase to the Ecumenical Temple.
  4837 | D:5      | Noticed Blork the orc
  4845 | Temple   | Entered the Ecumenical Temple
  4854 | Temple   | Became a worshipper of Hepliaklqana the Forgotten
  4884 | D:5      | Killed Blork the orc
  4894 | D:5      | Found a shimmering blue altar of Sif Muna.
  4956 | D:5      | Found an ornate altar of the Wu Jian Council.
  5461 | D:6      | Reached skill level 7 in Shapeshifting
  5516 | D:6      | Reached skill level 5 in Fighting
  5842 | D:5      | Reached XP level 9. HP: 44/61 MP: 9/9
  6079 | D:6      | Noticed Duvessa
  6079 | D:6      | Noticed Dowan
  6419 | D:6      | Reached * piety under Hepliaklqana
  6429 | D:6      | Reached skill level 8 in Shapeshifting
  7046 | D:6      | Reached skill level 5 in Evocations
  7131 | D:6      | Killed Duvessa
  7139 | D:6      | Killed Dowan
  7169 | D:6      | HP: 2/56 [gnoll sergeant/+0 spear (6)]
  7170 | D:6      | Mangled by a gnoll sergeant

Illustrated notes

Levels and vault maps discovered:
D:1:      tarquinn_simple_flora_water_e, layout_basic, basic_ecumenical_altar
D:2:      layout_loops_cross, uniq_sigmund, uniq_terence
D:3:      minmay_chambers_of_twos, layout_basic, lemuel_round_altar,
          gammafunk_ghost_necromancy, uniq_natasha, uniq_ijyb
D:4:      minmay_chambers_of_fours, layout_rooms, grunt_qazlal_sundering,
          kennysheep_little_box, kennysheep_windowed_goal
D:5:      minmay_chambers_of_threes, layout_gridville, lemuel_tele_altar,
          tgw_sif, minmay_temple_entry_glassed_door, kennysheep_generic_room_14
D:6:      minmay_opposing_rooms, layout_loops_corners,
          grunt_temple_overflow_gold_and_silver, uniq_blork_the_orc,
          uniq_duvessa
Temple:   nicolae_temple_great_sept

Skill      XL: |  1  2  3  4  5  6  7  8  9 |
---------------+----------------------------+-----
Fighting       | 2 3 4 5 6 |  6.3
Shapeshifting  | 4 5 6 7 8 |  8.8
Unarmed Combat | 4 5 6 |  6.0
Evocations     | 1 3 5 |  5.2
Dodging        | |  2.0

Action                     |  1- 3 |  4- 6 |  7- 9 || total
---------------------------+-------+-------+-------++-------
  Melee: Unarmed           |    60 |   102 |   222 ||   384
         Constrict         |    14 |    22 |    56 ||    92
         Tentacles         |     7 |    17 |    61 ||    85
         Punch             |       |     4 |     9 ||    13
   Fire: Arbalest          |       |       |    10 ||    10
  Throw: Boomerang         |       |       |    12 ||    12
  Evoke: Wand              |       |       |     1 ||     1
    Use: Potion            |       |     1 |     1 ||     2
   Stab: Sleeping          |     2 |     5 |     5 ||    12
         Distracted        |       |       |     1 ||     1
 Armour: Skin              |    16 |    36 |   103 ||   155
  Dodge: Dodged            |    37 |    38 |    86 ||   161
  Block: Other             |     3 |    14 |    37 ||    54
         Reflection        |       |       |     1 ||     1
   Form: Flux              |       |       |     1 ||     1

Table legend: (Time is in decaauts)
 A = Elapsed time spent in this place.
 B = Non-inter-level travel time spent in this place.
 C = Inter-level travel time spent in this place.
 D = Time resting spent in this place.
 E = Time spent auto-exploring this place.
 F = Levels seen in this place.
 G = Mean time per level.
                   A        B        C        D        E       F      G
               +--------+--------+--------+--------+--------+-----+--------+
         Total |   7151 |   6702 |    449 |    635 |   4806 |   7 | 1021.6 |
       Dungeon |   7131 |   6682 |    449 |    635 |   4806 |   6 | 1188.5 |
        Temple |     20 |     20 |      0 |      0 |      0 |   1 |   20.0 |
               +--------+--------+--------+--------+--------+-----+--------+

Top non-repeatable levels by time:
     D:5: 1802 daAuts
     D:6: 1442 daAuts
     D:3: 1122 daAuts
     D:2: 1058 daAuts
     D:1: 854 daAuts
     D:4: 850 daAuts
  Temple: 20 daAuts
